 Dungeon Crawl Stone Soup version 0.18.1-5-g4a78601 (webtiles) character file.

95 Liquid the Magician (level 4, 0/31 HPs)
             Began as a Human Wizard on May 10, 2016.
             Was an Initiate of Pakellas.
             Killed from afar by an orc wizard (4 damage)
             ... with a magic dart
             ... on level 4 of the Dungeon.
             The game lasted 00:12:43 (2220 turns).

Liquid the Magician (Human Wizard)                  Turns: 2220, Time: 00:12:44

Health: 0/31       AC:  7    Str:  7    XL:     4   Next: 95%
Magic:  0/9        EV: 12    Int: 19    God:    Pakellas [......]
Gold:   153        SH:  0    Dex: 12    Spells: 2 memorised, 6 levels left

rFire  + . .     SeeInvis .     m - +1 short sword (protect)
rCold  . . .     Gourm    .     a - +0 robe
rNeg   . . .     Faith    .     (no shield)
rPois  .         Spirit   .     b - +0 hat
rElec  .         Dismiss  .     (no cloak)
rCorr  .         Reflect  .     (no gloves)
SustAt .         Harm     .     (no boots)
MR     .....                    (no amulet)
Stlth  ++........               (no ring)
                                e - ring of protection from fire

@: not resistant to hostile enchantments, unstealthy
A: no striking features
a: Renounce Religion


You were on level 4 of the Dungeon.
You worshipped Pakellas.
Pakellas was noncommittal.
You were hungry.

You visited 1 branch of the dungeon, and saw 4 of its levels.

You collected 153 gold pieces.

Inventory:

Hand Weapons
 g - a +0 dagger
 m - a +1 short sword of protection (weapon)
Armour
 a - a +0 robe (worn)
 b - a +0 hat (worn)
Jewellery
 e - a ring of protection from fire (left hand)
Wands
 t - a wand of digging (0/24)
Scrolls
 i - a scroll of remove curse {unknown}
 l - a scroll of magic mapping
 r - a scroll of identify
Potions
 j - a potion of might
 o - a potion of lignification {unknown}
 s - a potion of berserk rage {unknown}
Books
 c - a book of Minor Magic

   Spells                             Type                      Level
   a - Magic Dart                     Conjuration                  1
   b - Blink                          Translocation                2
   c - Call Imp                       Summoning                    2
   d - Repel Missiles                 Charms/Air                   2
   e - Slow                           Hexes                        2
   f - Conjure Flame                  Conjuration/Fire             3
   g - Mephitic Cloud                 Conjuration/Poison/Air       3
Comestibles
 d - 3 bread rations
 f - a slice of pizza
 h - 5 chunks of flesh
 k - 2 fruits
 n - a meat ration


   Skills:
 + Level 0.8 Fighting
 + Level 2.6 Dodging
 - Level 2.0 Stealth
 - Level 3.4 Spellcasting
 - Level 2.2 Conjurations
 - Level 2.3 Summonings
   Level 1.0 Translocations


You had 6 spell levels left.
You knew the following spells:

 Your Spells              Type           Power        Failure   Level  Hunger
a - Magic Dart            Conj           ##..         8%          1    None
b - Call Imp              Summ           ##......     10%         2    ##.....


Dungeon Overview and Level Annotations

Branches:
Dungeon (4/15)
 Temple: D:4-7

Altars:
Pakellas


Message History

The orc wizard casts a spell at you. The magic dart hits you!
The orc wizard closely misses you.
You hit the orc wizard.
The orc wizard is almost dead.
The orc wizard gestures at you while chanting.
The magic dart hits you!
* * * LOW HITPOINT WARNING * * *
You completely miss the orc wizard.
The orc wizard is almost dead.
The orc wizard hits you with a dagger.
* * * LOW HITPOINT WARNING * * *
The orc wizard casts a spell at you. The puff of flame hits you! You resist.
* * * LOW HITPOINT WARNING * * *
You barely miss the orc wizard.
The orc wizard is almost dead.
The orc wizard points at you and mumbles some strange words.
The magic dart hits you!
You die...
Pakellas says: Back to the drawing board!

########
#..@...#
#..o...#
#......#
#......#
.......#
##.......
#.......#
##.####..


You could see an orc wizard.

Vanquished Creatures
  An orc wizard (D:3)
  An adder (D:2)
  2 worms (D:2)
  A dart slug (D:2)
  2 giant geckos
  3 orcs (D:3)
  A ball python (D:3)
  3 giant cockroaches (D:2)
  9 goblins
  6 hobgoblins
  3 bats (D:2)
  2 giant newts (D:1)
  6 kobolds
  9 rats
49 creatures vanquished.

Vanquished Creatures (collateral kills)
  A worm (D:2)
  A giant cockroach (D:2)
  2 hobgoblins
  A ball python (D:1)
  A goblin (D:1)
  3 kobolds
9 creatures vanquished.

Grand Total: 58 creatures vanquished

Notes
Turn   | Place    | Note
--------------------------------------------------------------
     0 | D:1      | Liquid the Human Wizard began the quest for the Orb.
     0 | D:1      | Reached XP level 1. HP: 13/13 MP: 4/4
   167 | D:1      | Reached XP level 2. HP: 11/19 MP: 1/6
   218 | D:1      | Learned a level 2 spell: Call Imp
   533 | D:1      | Reached XP level 3. HP: 22/24 MP: 3/7
  1047 | D:2      | Reached XP level 4. HP: 30/30 MP: 0/8
  1347 | D:2      | Found an oddly glowing altar of Pakellas.
  1516 | D:2      | Became a worshipper of Pakellas the Inventive
  2220 | D:4      | Killed from afar by an orc wizard

Skill      XL: |  1  2  3 |
---------------+----------+-----
Conjurations   | 2 |  2.2
Summonings     | 2 |  2.3
Fighting       | |  0.8
Dodging        | |  2.6
Stealth        | |  2.0
Spellcasting   | |  3.4
Translocations | |  1.0

Action                   |  1- 3 |  4- 6 || total
-------------------------+-------+-------++-------
Melee: Dagger            |    36 |       ||    36
       Short sword       |     7 |    40 ||    47
 Cast: Magic Dart        |    57 |    30 ||    87
       Call Imp          |     8 |     3 ||    11
Evoke: Wand              |       |     1 ||     1
  Use: Scroll            |       |     5 ||     5
 Stab: Distracted        |     1 |       ||     1
  Eat: Chunk             |     1 |     3 ||     4
Armor: Robe              |     5 |    15 ||    20
Dodge: Dodged            |    22 |    33 ||    55
